AoeStats
← CanineSphinx22

Black Forest

509603676Analyzed
4v4 RM · 3d ago on Sep 27, 2026· 40m 13s· 8 players
Game mode
Random Map
Map size
Large (8 player)
Population
200
Speed
Normal
Resources
Standard
Victory
Conquest
Starting age
Dark Age
Ending age
Imperial Age
RankedLock teamsTeams togetherTeam positionsShared explorationLock speedFull tech treeHidden civsTurbo modeCheats
Victory
Defeat
🇵🇹 Spanish · Portugal
855
+5
🇵🇰 Hindustanis · Pakistan
855
+5
🇹🇷 Franks · Türkiye
748
+9
🇫🇷 Bohemians · France
740
+8
🇵🇹 Franks · Portugal
666
-9
🇫🇷 Huns · France
557
-6
🇩🇪 Danes · Germany
531
-6
🇺🇸 Japanese · United States
524
-6
CommittedTwo_1
10:24 Feudal Age
19:59 Castle Age
18:00 Double-Bit Axe
17:58 Horse Collar
19:57 Wheelbarrow
21:49 Heavy Plow
22:48 Heavy Plow
23:05 Bow Saw
23:14 Treadmill Crane
23:38 Murder Holes
24:04 Loom
24:51 Gold Mining
25:46 Fishing Lines
27:11 Scale Mail Armor
28:01 Stone Mining
28:53 Gold Shaft Mining
31:00 Imperial Age
33:06 Two-Man Saw
33:22 Hand Cart
32:57 Town Watch
35:05 Conscription
35:21 Hoardings
35:26 Elite Samurai
36:28 Kataparuto
38:48 Fletching
38:44 Pikeman
39:25 Squires
cedric1112
2:39 Loom
12:34 Feudal Age
13:04 Horse Collar
13:16 Double-Bit Axe
18:07 Gold Mining
22:30 Castle Age
22:41 Stone Mining
25:09 Gold Shaft Mining
25:48 Heavy Plow
26:21 Bow Saw
28:11 Wheelbarrow
27:54 Forging
27:36 Fletching
35:04 Imperial Age
33:26 Hamask
34:50 Thumb Ring
36:04 Stone Shaft Mining
36:19 Conscription
37:31 Caravan
37:39 Elite Jomsviking
Darth Vader
0:28 Loom
13:29 Feudal Age
13:58 Double-Bit Axe
13:58 Horse Collar
20:24 Castle Age
20:49 Gold Mining
21:20 Heavy Plow
21:37 Bow Saw
25:36 Stone Mining
26:25 Gold Shaft Mining
26:03 Scale Mail Armor
27:56 Wheelbarrow
27:54 Caravan
28:04 Padded Archer Armor
30:10 Hand Cart
31:18 Squires
30:41 Pikeman
30:43 Man-at-Arms
32:06 Coinage
35:31 Imperial Age
33:13 Town Watch
34:11 Scale Barding Armor
34:22 Chain Mail Armor
33:34 Long Swordsman
35:25 Leather Archer Armor
34:44 Elite Skirmisher
36:13 Town Patrol
37:07 Banking
37:03 Chain Barding Armor
36:07 Halberdier
36:56 Husbandry
36:24 Capped Ram
38:17 Chemistry
37:37 Cavalier
DELIRIO
12:09 Feudal Age
12:56 Double-Bit Axe
20:32 Wheelbarrow
22:38 Scale Barding Armor
26:22 Castle Age
25:07 Gold Mining
25:07 Stone Mining
26:36 Forging
27:23 Bow Saw
27:54 Gold Shaft Mining
27:41 Caravan
28:13 Coinage
29:02 Husbandry
28:23 Light Cavalry
30:57 Hand Cart
32:03 Fortified Wall
32:37 Chain Barding Armor
32:54 Iron Casting
33:26 Ordonnance Companies
38:13 Imperial Age
36:15 Ballistics
36:12 Masonry
35:44 Treadmill Crane
Generalprofile
9:17 Feudal Age
9:42 Double-Bit Axe
9:43 Horse Collar
18:19 Castle Age
19:19 Bow Saw
19:15 Heavy Plow
25:44 Wheelbarrow
25:15 Caravan
29:14 Imperial Age
28:18 Hand Cart
28:06 Gold Mining
28:07 Stone Mining
31:33 Chemistry
30:55 Ballistics
31:05 Elite Conquistador
34:42 Scale Barding Armor
34:48 Forging
34:28 Fletching
34:39 Padded Archer Armor
34:05 Elite Skirmisher
34:51 Thumb Ring
35:49 Two-Man Saw
34:51 Town Watch
36:04 Husbandry
36:14 Bloodlines
35:25 Cavalier
37:05 Bodkin Arrow
37:46 Iron Casting
37:32 Chain Barding Armor
CanineSphinx22
0:29 Loom
12:53 Feudal Age
13:17 Horse Collar
13:27 Double-Bit Axe
23:15 Castle Age
24:10 Caravan
24:31 Bow Saw
24:25 Heavy Plow
28:08 Chemistry
27:43 Murder Holes
27:54 Scale Mail Armor
33:40 Ballistics
33:40 Chain Mail Armor
33:26 Padded Archer Armor
33:36 Forging
34:08 Masonry
34:12 Fortified Wall
34:44 Wheelbarrow
37:56 Imperial Age
35:15 Town Watch
35:56 Leather Archer Armor
35:38 Fletching
37:23 Squires
36:47 Pikeman
38:05 Hand Cart
38:37 Town Patrol
39:20 Ring Archer Armor
40:08 Conscription
40:24 Plate Mail Armor
40:30 Iron Casting
39:54 Bodkin Arrow
40:33 Architecture
80AŞKÖMER
13:45 Feudal Age
17:39 Castle Age
16:03 Double-Bit Axe
18:45 Bow Saw
25:29 Caravan
31:45 Imperial Age
30:04 Gold Mining
30:08 Stone Mining
31:27 Wheelbarrow
32:40 Hand Cart
32:47 Chivalry
33:08 Conscription
32:21 Cavalier
35:06 Paladin
35:52 Husbandry
38:56 Forging
38:52 Scale Barding Armor
40:55 Iron Casting
40:42 Chain Barding Armor
Sherdil
0:30 Loom
13:16 Feudal Age
21:31 Castle Age
24:13 Double-Bit Axe
25:48 Bow Saw
25:56 Horse Collar
26:54 Gold Mining
26:57 Stone Mining
29:12 Gold Shaft Mining
28:45 Caravan
31:15 Heavy Plow
31:26 Grand Trunk Road
33:24 Thumb Ring
37:53 Imperial Age
38:32 Ballistics
38:24 Fortified Wall
38:25 Masonry
38:25 Padded Archer Armor
39:04 Shatagni
39:25 Conscription
40:09 Chemistry
39:27 Fortified Wall
39:24 Siege Engineers
41:02 Leather Archer Armor
Connection lost

Rejoining the realm…

Still unreachable

The connection could not be restored.

Session expired

The server has moved on; the page needs a fresh start.